 Seeded DCSS version 0.29-a0-892-g2c4c91d9db (webtiles) character file.

Game seed: 7647296189204967450 (custom seed)

64 Kazon the Trooper (level 3, -1/29 HPs)
             Began as a Vampire Fighter on July 22, 2022.
             Slain by a gnoll
             ... wielding a +0 flail
              (2 damage)
             ... on level 2 of the Dungeon.
             The game lasted 00:05:26 (733 turns).

Kazon the Trooper (Vampire Fighter)                  Turns: 733, Time: 00:05:27

Health: -1/29      AC: 10    Str: 17    XL:     3   Next: 91%
Magic:  2/3        EV:  9    Int:  7    God:
Gold:   56         SH:  4    Dex: 13    Spells: 2/2 levels left

rFire   . . .      SeeInvis +   a - +0 long sword
rCold   . . .      Faith    .   c - +0 buckler
rNeg    . . .      Spirit   .   b - +0 scale mail
rPois   .          Reflect  .   (no helmet)
rElec   .          Harm     .   (no cloak)
rCorr   .          Rampage  .   e - +3 Mad Mage's Maulers {Infuse+∞ RegenMP Int-3}
Will    .....                   (no boots)
Stlth   ..........              (no amulet)
HPRegen 0.29/turn               (no ring)
MPRegen 0.48/turn               (no ring)

@: healing quickly
A: alive, fangs 3, see invisible, vampiric 2
a: Exsanguinate


You were on level 2 of the Dungeon.
You visited 1 branch of the dungeon, and saw 2 of its levels.

You collected 186 gold pieces.
You spent 130 gold pieces at shops.

Inventory:

Hand Weapons
 a - a +0 long sword (weapon)
Missiles
 f - 8 stones (quivered)
 l - 6 javelins
Armour
 b - a +0 scale mail (worn)
 c - a +0 buckler (worn)
 e - the +3 Mad Mage's Maulers (worn) {Infuse+∞ RegenMP Int-3}
   (You acquired it on level 1 of the Dungeon)

   It empowers its wearer's blows with all of their magic.
   It causes its wearer's magical reserves to regenerate more quickly.
   Int:       It affects your intelligence (-3).
Jewellery
 k - a ring of fire
Scrolls
 g - a scroll of teleportation
 h - 4 scrolls of identify
Potions
 d - 2 potions of might
 i - a potion of haste {unknown}
 j - a potion of berserk rage {unknown}


   Skills:
 + Level 3.1 Fighting
 + Level 2.9 Long Blades
 + Level 2.8 Armour
 + Level 0.9 Dodging
 + Level 3.0 Shields


You had 2 spell levels left.
You didn't know any spells.
Your spell library contained the following spells:

 Spells                   Type           Power      Damage    Failure   Level
 Gell's Gravitas          Tloc           0%         N/A       99%         3
 Lesser Beckoning         Tloc           0%         N/A       99%         3
 Teleport Other           Tloc           0%         N/A       99%         3


Dungeon Overview and Level Annotations

Branches:
Dungeon (2/15)

Altars:

Shops:
D:1 ?


Innate Abilities, Weirdness & Mutations

Your natural rate of healing is accelerated.
You have razor-sharp teeth.
You have supernaturally acute eyesight. (SInv)
You are afflicted with vampirism and can become a bat while bloodless.


Message History

There is an open door here.
A gnoll comes into view. It is wielding a +0 club.
The gnoll shouts!
A gnoll comes into view. It is wielding a +0 flail.
The gnoll shouts!
A gnoll comes into view. It is wielding a +0 flail.
The gnoll hits you but does no damage.
You barely miss the gnoll. The gnoll hits you with a +0 club.
You slash the gnoll!
You kill the gnoll!
You hit the gnoll.
The gnoll is moderately wounded.
The gnoll hits you with a +0 flail!
You closely miss the gnoll.
The gnoll is moderately wounded.
The gnoll hits you with a +0 flail. The gnoll hits you but does no damage.
You hit the gnoll.
The gnoll is moderately wounded.
The gnoll hits you but does no damage.
You hit the gnoll.
The gnoll is severely wounded.
The gnoll hits you but does no damage.
You barely miss the gnoll.
The gnoll is severely wounded.
The gnoll hits you but does no damage. x2
You completely miss the gnoll. Your bite misses the gnoll.
The gnoll is severely wounded.
The gnoll closely misses you.
You barely miss the gnoll.
The gnoll is severely wounded.
The gnoll hits you with a +0 flail!
You hit the gnoll.
The gnoll is almost dead.
The gnoll closely misses you.
You barely miss the gnoll.
The gnoll is almost dead.
The gnoll hits you with a +0 flail!
* * * LOW HITPOINT WARNING * * *
The gnoll hits you with a +0 flail.
You die...

.............#....#
.........#..[#..#.#
.........#.###....#
###'##...#....###.#
#.##...#..#.#...
#.##...#.##.#.#
#.........#...#
#...........#.#######.
#.........###.@gg.....
#.........'...########
##........###.#
########## #.# #.# #.#
#.# ..# ###


You could see 2 gnolls.

Vanquished Creatures
  A gnoll (D:2)
  An adder (D:1)
  A worm (D:2)
  A dart slug (D:1)
  5 bats (D:1)
  3 endoplasms (D:1)
  2 giant cockroaches (D:1)
  5 goblins
  2 hobgoblins (D:1)
  6 jackals
  2 quokkas (D:1)
  3 ball pythons
  2 frilled lizards
  A kobold (D:1)
  2 rats (D:1)
37 creatures vanquished.

Vanquished Creatures (others)
  A withered plant (D:1)
1 creature vanquished.

Grand Total: 38 creatures vanquished

Notes
Turn   | Place    | Note
-------+----------+-------------------------------------------
     0 | D:1      | Kazon the Vampire Fighter began the quest for the Orb.
     0 | D:1      | Reached XP level 1. HP: 17/17 MP: 1/1
     2 | D:1      | Noticed a demigod
     2 | D:1      | Noticed an ogre
     4 | D:1      | Noticed a merfolk
     9 | D:1      | Noticed a formicid
     9 | D:1      | Noticed a ghoul
    11 | D:1      | Noticed a minotaur
    13 | D:1      | Noticed a troll
    13 | D:1      | Noticed a tengu
    15 | D:1      | Noticed a draconian
    15 | D:1      | Noticed a naga
    17 | D:1      | Noticed a vampire
    17 | D:1      | Noticed a dwarf
    19 | D:1      | Noticed a felid
    19 | D:1      | Noticed a human
    21 | D:1      | Noticed a spriggan
    23 | D:1      | Noticed a demonspawn
    23 | D:1      | Noticed a gargoyle
    25 | D:1      | Noticed an elf
    25 | D:1      | Noticed an octopode
    27 | D:1      | Noticed a vine stalker
    49 | D:1      | Reached XP level 2. HP: 20/23 MP: 2/2
    97 | D:1      | Found a faded altar of an unknown god.
   164 | D:1      | Found Pam Kegh's Magic Scroll Boutique.
   182 | D:1      | Bought a scroll of teleportation for 30 gold pieces
   182 | D:1      | Bought a scroll of identify for 20 gold pieces
   182 | D:1      | Bought a scroll of identify for 20 gold pieces
   182 | D:1      | Identified a scroll of acquirement
   183 | D:1      | Acquired the +3 Mad Mage's Maulers {Infuse+∞ RegenMP Int-3}
   183 | D:1      | Found the +3 Mad Mage's Maulers {Infuse+∞ RegenMP Int-3}
   379 | D:1      | Gained mutation: You are afflicted with vampirism and can
                  | become a bat while bloodless. [Vampire growth]
   379 | D:1      | Reached XP level 3. HP: 28/29 MP: 0/3
   599 | D:1      | Bought a scroll of identify for 20 gold pieces
   599 | D:1      | Bought a scroll of identify for 20 gold pieces
   599 | D:1      | Bought a scroll of identify for 20 gold pieces
   733 | D:2      | HP: 1/29 [gnoll/+0 flail (10)]
   733 | D:2      | Slain by a gnoll

Illustrated notes

Levels and vault maps discovered:
D:1:      kb_arrival_jail, layout_basic, serial_shops, shop,
          ebering_ecumenical_altar_petrified
D:2:      layout_basic, minmay_pentomino_v2

Skill      XL: |  1  2  3 |
---------------+----------+-----
Fighting       | 3 |  3.1
Shields        | 3 |  3.0
Long Blades    | |  2.9
Armour         | |  2.8
Dodging        | |  0.9

Action                   || total
-------------------------++-------
Melee: Long sword        ||   103
       Bite              ||     4
Throw: Stone             ||    10
  Use: Scroll            ||     2
Armor: Scale mail        ||    55
Dodge: Dodged            ||    41
Block: Buckler           ||    22

Table legend: (Time is in decaauts)
 A = Elapsed time spent in this place.
 B = Non-inter-level travel time spent in this place.
 C = Inter-level travel time spent in this place.
 D = Time resting spent in this place.
 E = Time spent auto-exploring this place.
 F = Levels seen in this place.
 G = Mean time per level.
                   A        B        C        D        E       F      G
               +--------+--------+--------+--------+--------+-----+--------+
         Total |    767 |    749 |     18 |     11 |    208 |   2 |  383.5 |
       Dungeon |    767 |    749 |     18 |     11 |    208 |   2 |  383.5 |
               +--------+--------+--------+--------+--------+-----+--------+

Top non-repeatable levels by time:
     D:1: 673 daAuts
     D:2: 93 daAuts
